 Dungeon Crawl Stone Soup version 0.26-a0-757-g626ac9e51a (webtiles) character file.

Game seed: 16190876588736580859

23017 reriks the Blocker (level 12, -7/114 HPs)
             Began as a Deep Dwarf Fighter on Nov 7, 2020.
             Was a High Priest of Makhleb.
             Mangled by a 20-headed hydra (9 damage)
             ... on level 3 of the Lair of Beasts.
             The game lasted 00:10:11 (8716 turns).

reriks the Blocker (Deep Dwarf Fighter)             Turns: 8716, Time: 00:10:12

Health: -7/114     AC: 24    Str: 26    XL:     12   Next: 68%
Magic:  15/15      EV: 13    Int: 12    God:    Makhleb [*****.]
Gold:   789        SH: 13    Dex: 18    Spells: 11/11 levels left

rFire    . . .     SeeInvis .   C - +9 hand axe of the Twisting Scorpion {freeze, rPois Int+4}
rCold    + . .     Faith    .   c - +0 kite shield
rNeg     . . .     Spirit   .   B - +0 plate armour
rPois    +         Reflect  .   y - +1 helmet
rElec    .         Harm     .   D - +2 cloak {rPois}
rCorr    .         Rampage  .   (no gloves)
MR       +....                  n - +2 pair of boots
Stlth    ..........             (no amulet)
HPRegen  0.00/turn              s - ring of protection from cold
MPRegen  0.14/turn              F - +6 ring of dexterity

@: non-regenerating
A: damage resistance, heal wounds, sense surroundings 2, no regeneration
a: Heal Wounds, Minor Destruction, Lesser Servant of Makhleb, Major Destruction,
Greater Servant of Makhleb, Renounce Religion


You were on level 3 of the Lair of Beasts.
You worshipped Makhleb.
Makhleb was extremely pleased with you.
You visited 3 branches of the dungeon, and saw 14 of its levels.

You collected 950 gold pieces.
You spent 161 gold pieces at shops.

Inventory:

Hand Weapons
 a - a +0 war axe
 q - a +0 vampiric war axe
 v - a +3 broad axe of venom
 C - the +9 hand axe of the Twisting Scorpion (weapon) {freeze, rPois Int+4}
   (You found it on level 2 of the Lair of Beasts)

   It has been specially enchanted to freeze those struck by it, causing extra
   injury to most foes and up to half again as much damage against particularly
   susceptible opponents.
   It can also slow down cold-blooded creatures.
   It affects your intelligence (+4).
   It protects you from poison.
Armour
 b - a +0 scale mail
 c - a +0 kite shield (worn)
 n - a +2 pair of boots (worn)
 x - a +0 cloak
 y - a +1 helmet (worn)
 B - a +0 plate armour (worn)
 D - a +2 cloak of poison resistance (worn)
Jewellery
 s - a ring of protection from cold (left hand)
 F - a +6 ring of dexterity (right hand)
 K - a cursed ring of attention {unknown}
Wands
 t - a wand of acid (6)
 u - a wand of paralysis (6)
 z - a wand of polymorph (24)
Scrolls
 e - 7 scrolls of identify
 f - 6 scrolls of teleportation
 h - 2 scrolls of amnesia
 i - 6 scrolls of remove curse
 l - 2 scrolls of magic mapping
 E - a scroll of fear {unknown}
 G - a scroll of holy word {unknown}
 H - a scroll of noise {unknown}
 I - 3 scrolls of blinking {unknown}
 J - a scroll of fog {unknown}
Potions
 d - 2 potions of might
 g - 2 potions of attraction
 j - 3 potions of invisibility
 k - 5 potions of flight
 m - 4 potions of degeneration
 o - 2 potions of cancellation {unknown}
 p - 2 potions of haste {unknown}
 r - 5 potions of curing {unknown}
 w - 2 potions of mutation {unknown}
 A - 2 potions of heal wounds {unknown}


   Skills:
 + Level 9.0 Fighting
 + Level 10.4 Axes
 + Level 10.7 Armour
 + Level 10.1 Dodging
 + Level 10.7 Shields
 + Level 7.8 Invocations


You had 11 spell levels left.
You didn't know any spells.
Your spell library contained the following spells:

 Spells                   Type           Power        Failure   Level
 Animate Skeleton         Necr           #.....       99%         1
 Apportation              Tloc           #.....       99%         1
 Corona                   Hex            #......      99%         1
 Foxfire                  Conj/Fire      #...         99%         1
 Pain                     Necr           #...         99%         1
 Summon Small Mammal      Summ           #...         99%         1
 Poisonous Vapours        Pois/Air       #.....       100%        2
 Conjure Flame            Conj/Fire      #.......     100%        3
 Mephitic Cloud           Conj/Pois/Air  #.......     100%        3
 Vampiric Draining        Necr           #.........   100%        3
 Animate Dead             Necr           #.........   100%        4
 Cause Fear               Hex            #.........   100%        4
 Agony                    Necr           #.......     100%        5
 Freezing Cloud           Conj/Ice/Air   #.........   100%        6
 Dragon Form              Tmut           #.........   100%        7
 Dragon's Call            Summ           #.........   100%        9


Dungeon Overview and Level Annotations

Branches:
Dungeon (10/15)            Temple (1/1) D:5            Lair (3/6) D:10
  Swamp (0/4) Lair:3        Snake (0/4) Lair:3          Orc (0/2) D:9

Altars:
Ashenzari
Cheibriados
Dithmenos
Elyvilon
Fedhas
Kikubaaqudgha
Makhleb
Nemelex Xobeh
Sif Muna
Uskayaw
Yredelemnul
The Shining One

Shops:
D:6 (   D:9 (

Annotations:
D:9 1 runed translucent door, gaul's ghost, novice MiBe
Lair:1 1 runed translucent door


Innate Abilities, Weirdness & Mutations

You are resistant to damage.
You can heal yourself by infusing magical energy.
You passively map the area around you.
You do not regenerate.


Message History

You block the 20-headed hydra's attack.
The 20-headed hydra bites you but does no damage.
The 20-headed hydra closely misses you.
The 20-headed hydra bites you but does no damage.
The 20-headed hydra misses you. The 20-headed hydra bites you!
* * * LOW HITPOINT WARNING * * *
The 20-headed hydra barely misses you.
You chop one of the 20-headed hydra's heads off!
You slash the 19-headed hydra!
The 19-headed hydra seems to slow down.
You freeze the 19-headed hydra.
The 19-headed hydra is almost dead.
You slice one of the 19-headed hydra's heads off!
The 18-headed hydra grows two more!
You slash the 20-headed hydra!
The 20-headed hydra seems to slow down.
You freeze the 20-headed hydra.
The 20-headed hydra is almost dead.
You block the 20-headed hydra's attack. x2; The 20-headed hydra bites you.
* * * LOW HITPOINT WARNING * * *
The 20-headed hydra bites you but does no damage. x2
You block the 20-headed hydra's attack. The 20-headed hydra bites you!
You die...

, , ***
#..#......+....#..†# *
,*#####.##..###.### ≈ #*
, *### ###.+#.##.### ≈ ..
,, ##.. +...+.....# ≈
,?.. ,,#..., #.....#....#
, .... ... ,#....##....#
≈, .....
*,#.####+++####.##
,......####.##.....#.#.##
, ,
P.....D@................
≈
,..............#....P....
,
P........####.###..#.♣♣.
........## ####.#§§≈♣♣.
.......## ##.§≈§§♣♣ *
....... ##§♣§≈§≈
*#.....#* #≈≈§§§≈ *
#....# ##§§§>≈≈ , , ,
#≈≈§≈≈≈≈


You could see a 20-headed hydra (slow).

Vanquished Creatures
  2 hydras (Lair:2)
  Harold (D:7)
  Erica (D:8)
  A catoblepas (Lair:3)
  Pikel (D:7)
  Maurice (D:8)
  4 black mambas
  9 cane toads
  2 komodo dragons
  2 trolls (D:10)
  A polar bear (Lair:3)
  5 blink frogs (Lair:1)
  25 yaks
  5 wyverns
  A human (D:9)
  A warg (D:9)
  4 nagas (Lair:3)
  Edmund (D:6)
  13 water moccasins
  4 sky beasts
  2 black bears
  4 orc warriors
  2 ice beasts
  An eye of draining (D:8)
  4 centaurs
  8 wolves
  6 ogres
  24 bullfrogs
  A water moccasin zombie (D:9)
  A wyvern skeleton (D:8)
  A scorpion (D:8)
  An electric eel (Lair:1)
  13 wights
  A howler monkey (D:4)
  A bullfrog zombie (D:7)
  9 hounds
  A jelly (D:5)
  8 orc priests
  9 orc wizards
  4 bullfrog skeletons
  2 centaur skeletons
  An iron imp (D:5)
  An iguana (D:10)
  2 hell rats (Lair:3)
  8 worker ants
  A hound skeleton (D:6)
  2 howler monkey zombies
  A worker ant zombie (D:7)
  10 gnolls
  10 adders
  4 river rats (Lair:3)
  3 shadow imps
  A white imp (D:8)
  An ufetubus (D:6)
  An ooze (D:4)
  2 adder skeletons (D:8)
  A worm (D:2)
  A dart slug (D:1)
  4 leopard geckos
  34 orcs
  4 bats (D:1)
  4 giant cockroaches
  4 goblins
  4 hobgoblins
  2 jackals (D:7)
  3 quokkas
  A ball python (D:4)
  A frilled lizard (D:5)
  5 kobolds
  A leopard gecko skeleton (D:8)
  9 rats
313 creatures vanquished.

Vanquished Creatures (others)
  11 fungi
  18 plants
  7 toadstools (Lair:1)
36 creatures vanquished.

Grand Total: 349 creatures vanquished

Notes
Turn   | Place    | Note
-------+----------+-------------------------------------------
     0 | D:1      | reriks the Deep Dwarf Fighter began the quest for the Orb.
     0 | D:1      | Reached XP level 1. HP: 20/20 MP: 1/1
   147 | D:1      | Reached XP level 2. HP: 27/27 MP: 2/2
   492 | D:2      | Reached skill level 1 in Dodging
   500 | D:2      | Reached XP level 3. HP: 25/33 MP: 1/3
   920 | D:2      | Found an ancient bone altar of Kikubaaqudgha.
   920 | D:2      | Found a blossoming altar of Fedhas.
   944 | D:2      | Reached XP level 4. HP: 30/42 MP: 4/4
  1004 | D:3      | Found a burning altar of Makhleb.
  1004 | D:3      | Found a sparkling altar of Nemelex Xobeh.
  1004 | D:3      | Found a shadowy altar of Dithmenos.
  1010 | D:3      | Became a worshipper of Makhleb the Destroyer
  1074 | D:4      | Reached XP level 5. HP: 29/49 MP: 5/5
  1493 | D:4      | Noticed an ogre
  1500 | D:4      | Killed an ogre
  1500 | D:4      | Reached XP level 6. HP: 52/57 MP: 5/5
  1649 | D:5      | Entered Level 5 of the Dungeon
  1699 | D:5      | Found a snail-covered altar of Cheibriados.
  2376 | D:5      | Found a staircase to the Ecumenical Temple.
  2383 | D:5      | Reached * piety under Makhleb
  2389 | Temple   | Entered the Ecumenical Temple
  2438 | D:6      | Reached XP level 7. HP: 60/64 MP: 6/6
  2452 | D:6      | Reached skill level 5 in Armour
  2452 | D:6      | Reached skill level 5 in Shields
  2736 | D:6      | Reached skill level 5 in Axes
  2745 | D:6      | Reached XP level 8. HP: 68/73 MP: 6/6
  2756 | D:6      | Reached ** piety under Makhleb
  2942 | D:6      | Found Ukoshiral's Antique Weapon Boutique.
  2945 | D:6      | Bought a glowing broad axe for 161 gold pieces
  2976 | D:6      | Noticed Edmund
  2985 | D:6      | Reached skill level 5 in Fighting
  2989 | D:6      | Killed Edmund
  3389 | D:7      | Found a hide-covered altar of Uskayaw.
  3408 | D:7      | Reached skill level 5 in Dodging
  3487 | D:7      | Noticed Harold
  3500 | D:7      | Killed Harold
  3500 | D:7      | Gained mutation: You passively map the area around you.
                  | [Deep Dwarf growth]
  3500 | D:7      | Reached XP level 9. HP: 29/82 MP: 7/7
  3622 | D:7      | Noticed Pikel
  3627 | D:7      | Killed Pikel
  3842 | D:7      | Found a broken altar of Ashenzari.
  4291 | D:8      | Found a white marble altar of Elyvilon.
  4324 | D:8      | Reached *** piety under Makhleb
  4352 | D:8      | Reached XP level 10. HP: 92/92 MP: 1/8
  4523 | D:8      | Noticed Erica
  4553 | D:8      | Killed Erica
  4695 | D:8      | Noticed Maurice
  4732 | D:8      | Killed Maurice
  4994 | D:9      | Reached skill level 1 in Invocations
  5032 | D:9      | Reached **** piety under Makhleb
  5084 | D:9      | Found a staircase to the Orcish Mines.
  5298 | D:9      | Found Cylyab's Antique Weapon Boutique.
  5432 | D:9      | Found a runed translucent door.
  5434 | D:9      | Noticed gaul's ghost (novice MiBe)
  5435 | D:9      | Identified the +4 trident "Vyirghomu" {distort, MP+9 Int+2
                  | Stlth+}
  5529 | D:10     | Entered Level 10 of the Dungeon
  5586 | D:10     | Reached XP level 11. HP: 67/100 MP: 9/11
  5638 | D:10     | Found a staircase to the Lair.
  6349 | Lair:1   | Entered Level 1 of the Lair of Beasts
  6377 | Lair:1   | Reached ***** piety under Makhleb
  6497 | Lair:1   | Reached skill level 5 in Invocations
  6676 | Lair:1   | Noticed a lindwurm
  6676 | Lair:1   | Noticed a dire elephant
  6698 | Lair:1   | Found a runed translucent door.
  6873 | Lair:1   | Reached skill level 10 in Shields
  7229 | Lair:2   | Reached skill level 10 in Armour
  7229 | Lair:2   | Reached XP level 12. HP: 104/112 MP: 14/14
  7504 | Lair:2   | Reached skill level 10 in Axes
  7548 | Lair:2   | Noticed a five-headed hydra
  7558 | Lair:2   | Killed an eight-headed hydra
  7807 | Lair:2   | Noticed a four-headed hydra
  7822 | Lair:2   | Killed a 14-headed hydra
  8246 | Lair:2   | Got an ancient hand axe
  8247 | Lair:2   | Identified the +9 hand axe of the Twisting Scorpion
                  | {freeze, rPois Int+4} (You found it on level 2 of the Lair
                  | of Beasts)
  8316 | Lair:3   | Found a staircase to the Snake Pit.
  8316 | Lair:3   | Noticed a catoblepas
  8340 | Lair:3   | Killed a catoblepas
  8529 | Lair:3   | Reached skill level 10 in Dodging
  8617 | Lair:3   | Found a staircase to the Swamp.
  8693 | Lair:3   | Noticed an eight-headed hydra
  8714 | Lair:3   | HP: 3/114 [20-headed hydra (6)]
  8716 | Lair:3   | Mangled by a 20-headed hydra

Illustrated notes

Levels and vault maps discovered:
D:1:      scummos_arrival_gate, layout_rooms, glass_columns_a
D:2:      layout_rooms, grunt_temple_overflow_growth_and_decay,
          kennysheep_generic_room_14
D:3:      layout_basic, nicolae_overflow_hidden_temple, serial_co_window_serial,
          co_window_corner_a, co_window_paths_b, co_window_of_opportunity_a,
          co_window_of_opportunity_a, co_window_paths_a, co_window_paths_a,
          co_window_paths_b, co_window_of_opportunity_b, co_window_broadway_c,
          co_window_of_opportunity_c, co_window_broadway_c,
          co_window_broadway_b, co_window_of_opportunity_c,
          co_window_unsneaky_path_b, glass_columns_a, glass_columns_a,
          glass_columns_a, nicolae_qazlal_general_emergency
D:4:      layout_loops_cross
D:5:      layout_basic, slow_altar_1, temple_hall
D:6:      layout_loops_cross, serial_shops, kennysheep_mini, uniq_edmund
D:7:      layout_loops_corners, basic_altar, evilmike_ruin_ashenzari,
          uniq_pikel, uniq_harold
D:8:      layout_cave_pools, basic_altar, uniq_maurice, uniq_erica
D:9:      layout_loops_cross, erik_orc_4, serial_glass, glass_columns_a,
          glass_columns_c, ebering_ghost_funeral_grove, serial_shops,
          kennysheep_mini_moat
D:10:     layout_loops_corners, minmay_lair_entry_grove
Temple:   compressed_dpeg_circular_temple
Lair:1:   gammafunk_lair_enchanted_lake, layout_regular_city,
          infiniplex_staircase_pool
Lair:2:   cheibrodos_lair_river_kwai, layout_gridlike,
          chequers_serial_rivers_large_a, chequers_serial_rivers_marsh
Lair:3:   layout_cave_pods, swamp_mist_pool, minmay_snake_entry_guardpost_small,
          kennysheep_abandoned_house, infiniplex_staircase_pool_2,
          serial_bayou_shore_a, serial_bayou_shore_b

Skill      XL: |  1  2  3  4  5  6  7  8  9 10 11 12 |
---------------+-------------------------------------+-----
Dodging        | 1 2 3 4 5 6 8 9 10 | 10.1
Fighting       | 3 4 5 6 7 8 9 |  9.0
Axes           | 3 4 5 6 7 8 9 10 | 10.4
Shields        | 4 5 6 7 9 10 | 10.7
Armour         | 4 5 6 7 8 10 | 10.7
Invocations    | 2 6 7 |  7.8

Action                   |  1- 3 |  4- 6 |  7- 9 | 10-12 || total
-------------------------+-------+-------+-------+-------++-------
Melee: War axe           |   103 |    86 |   149 |       ||   338
       Broad axe         |       |       |   108 |   453 ||   561
       Hand axe          |       |       |       |    96 ||    96
 Abil: Heal Wounds       |     1 |     2 |     3 |     3 ||     9
Evoke: Wand              |       |       |       |     7 ||     7
  Use: Scroll            |       |     9 |       |     2 ||    11
Armor: Scale mail        |    52 |    45 |    99 |    29 ||   225
       Plate armour      |       |       |       |   414 ||   414
Dodge: Dodged            |    38 |    21 |   100 |   344 ||   503
Block: Kite shield       |    54 |    31 |   143 |   500 ||   728

Table legend: (Time is in decaauts)
 A = Elapsed time spent in this place.
 B = Non-inter-level travel time spent in this place.
 C = Inter-level travel time spent in this place.
 D = Time resting spent in this place.
 E = Time spent auto-exploring this place.
 F = Levels seen in this place.
 G = Mean time per level.
                   A        B        C        D        E       F      G
               +--------+--------+--------+--------+--------+-----+--------+
         Total |   9091 |   8598 |    493 |    300 |   6221 |  14 |  649.4 |
       Dungeon |   6604 |   6309 |    295 |    200 |   4539 |  10 |  660.4 |
        Temple |      1 |      1 |      0 |      0 |      0 |   1 |    1.0 |
          Lair |   2484 |   2286 |    198 |    100 |   1682 |   3 |  828.0 |
               +--------+--------+--------+--------+--------+-----+--------+

Top non-repeatable levels by time:
  Lair:2: 1153 daAuts
     D:6: 1010 daAuts
     D:7: 949 daAuts
  Lair:1: 942 daAuts
    D:10: 851 daAuts
     D:5: 781 daAuts
     D:8: 664 daAuts
     D:4: 639 daAuts
     D:9: 632 daAuts
     D:2: 559 daAuts
     D:1: 489 daAuts
  Lair:3: 388 daAuts
     D:3: 26 daAuts
  Temple: 1 daAuts
